 Dungeon Crawl Stone Soup version 0.24-a0-235-g3f03afc (webtiles) character file.

Game seed: 13431203572755230630

15453 Gorice the Protected (level 12, -22/111 (112) HPs)
             Began as a Minotaur Wanderer on Apr 5, 2019.
             Was a Priest of the Shining One.
             Killed from afar by an ogre mage (29 damage)
             ... with a bolt of lightning
             ... in a volcano on Apr 6, 2019.
             The game lasted 01:03:05 (12122 turns).

Gorice the Protected (Minotaur Wanderer)           Turns: 12122, Time: 01:03:06

HP:   -22/111 (112) AC: 22    Str: 24    XL:     12   Next: 1%
MP:   0/14          EV:  6    Int:  8    God:    the Shining One [***...]
Gold: 621           SH:  8    Dex:  9    Spells: 11/11 levels left

rFire    . . .     SeeInvis .   b - +0 hand crossbow
rCold    . . .     Gourm    .   c - +0 shield
rNeg     + . .     Faith    .   E - +2 chain mail {rPois}
rPois    +         Spirit   +   (helmet restricted)
rElec    .         Reflect  .   l - +1 cloak
rCorr    .         Harm     .   C - +1 pair of gloves
MR       .....                  e - +0 pair of boots
Stlth    ..........             z - amulet of guardian spirit
HPRegen  0.28/turn              p - -2 ring of intelligence (curse)
MPRegen  0.14/turn              k - +2 ring of strength

@: glowing
A: retaliatory headbutt, horns 2
a: Divine Shield, Renounce Religion


You were in a volcano.
You worshipped the Shining One.
The Shining One was most pleased with you.
You were hungry.

You visited 3 branches of the dungeon, and saw 14 of its levels.
You also visited: Volcano.

You collected 621 gold pieces.

Inventory:

Hand Weapons
 a - a +2 whip of venom
   (You found it on level 2 of the Dungeon)
 b - a +0 hand crossbow (weapon)
 s - a +0 morningstar
 y - a +2 great mace of flaming
   (You took it off a two-headed ogre in a volcano)
Missiles
 d - 114 bolts (quivered)
 g - 4 curare-tipped needles
 r - 13 javelins
 Y - 321 stones
Armour
 c - a +0 shield (worn)
 e - a +0 pair of boots (worn)
 l - a +1 cloak (worn)
 w - a +0 plate armour
 C - a +1 pair of gloves (worn)
 E - a +2 chain mail of poison resistance (worn)
   (You took it off an orc on level 5 of the Dungeon)
 H - a +2 chain mail of cold resistance
   (You found it on level 8 of the Dungeon)
Jewellery
 i - an uncursed ring of see invisible
 k - a +2 ring of strength (right hand)
 p - a cursed -2 ring of intelligence (left hand)
 v - an uncursed ring of ice
 z - an amulet of guardian spirit (around neck)
 I - an uncursed ring of ice
Wands
 x - a wand of acid (5)
 D - a wand of polymorph (2)
 M - a wand of iceblast (20)
Scrolls
 m - a scroll of amnesia
 u - a scroll of identify
 A - 3 scrolls of fog
 N - 6 scrolls of teleportation {!r}
 P - a scroll of remove curse
Potions
 h - 5 potions of curing
 j - 2 potions of magic {!q}
 n - 2 potions of heal wounds {!q}
 o - 3 potions of flight
 q - a potion of lignification {!q}
 t - a potion of might {!q}
 B - a potion of agility {!q}
 F - 2 potions of haste {!q}
 J - a potion of mutation {!q}
 K - a potion of brilliance {!q}
 L - a potion of cancellation {!q}
Comestibles
 f - 20 rations
 G - 7 chunks of flesh


   Skills:
 + Level 11.8 Fighting
 - Level 12.0 Maces & Flails
 - Level 2.1 Crossbows
 + Level 14.3 Armour
 - Level 1.0 Stealth
 - Level 1.2 Shields
 - Level 4.0 Invocations
 + Level 3.9 Evocations


You had 11 spell levels left.
You didn't know any spells.
Your spell library contained the following spells:

 Spells                   Type           Power        Failure   Level  Hunger
 Beastly Appendage        Tmut           #.....       100%        1    ##.....
 Corona                   Hex            #......      100%        1    ##.....
 Magic Dart               Conj           #...         100%        1    ##.....
 Blink                    Tloc           N/A          100%        2    ###....
 Call Imp                 Summ           #.......     100%        2    ###....
 Ensorcelled Hibernation  Hex/Ice        #.....       100%        2    ###....
 Searing Ray              Conj           #.....       100%        2    ###....
 Slow                     Hex            #.......     100%        2    ###....
 Sticks to Snakes         Tmut           #.......     100%        2    ###....
 Confuse                  Hex            #.......     100%        3    ####...
 Conjure Flame            Conj/Fire      #.......     100%        3    ####...
 Dazzling Spray           Conj/Hex       #.....       100%        3    ####...
 Inner Flame              Hex/Fire       #.......     100%        3    ####...
 Mephitic Cloud           Conj/Pois/Air  #.......     100%        3    ####...
 Portal Projectile        Hex/Tloc       #.....       100%        3    ####...
 Spider Form              Tmut/Pois      #.........   100%        3    ####...
 Tukima's Dance           Hex            #.......     100%        3    ####...
 Cause Fear               Hex            #.........   100%        4    #####..
 Force Lance              Conj/Tloc      #.......     100%        4    #####..
 Fulminant Prism          Conj/Hex       #.........   100%        4    #####..
 Ice Form                 Ice/Tmut       #.......     100%        4    #####..
 Iskenderun's Mystic Bla  Conj           #.......     100%        4    #####..
 Leda's Liquefaction      Hex/Erth       #.........   100%        4    #####..
 Blade Hands              Tmut           #.........   100%        5    ######.


Dungeon Overview and Level Annotations

Branches:
Dungeon (9/15)             Temple (1/1) D:6            Lair (4/6) D:9
  Swamp (0/4) Lair:4
  Snake: Lair:2-4    Spider: Lair:2-4       Orc: D:9-12

Altars:
Ashenzari
Cheibriados
Dithmenos
Elyvilon
Fedhas
Gozag
Hepliaklqana
Kikubaaqudgha
Makhleb
Nemelex Xobeh
Okawaru
Qazlal
Ru
Sif Muna
Trog
Uskayaw
Vehumet
Wu Jian
Xom
Yredelemnul
Zin
The Shining One

Shops:
D:4 =   D:6 *:

Annotations:
D:5 exclusion: door


Innate Abilities, Weirdness & Mutations

You reflexively headbutt those who attack you in melee.
You have a pair of horns on your head.


Message History

Increase (S)trength, (I)ntelligence, or (D)exterity?
You feel clever.
You feel stronger.
Things that are here:
a +0 giant club of flaming; a +1 great mace of flaming
r - 13 javelins (gained 1)
Your +2 whip of venom stops dripping with poison.
b - a +0 hand crossbow (weapon)
Things that are here:
a +0 great mace of flaming; a +0 giant club of flaming a +1 great mace of flaming
d - 118 bolts (gained 1)
d - 119 bolts (gained 1) Firing (i - inventory. (/) - cycle)
d - 119 bolts (quivered)
Press: ? - help, Shift-Dir - straight line, f - ogre mage
Aim: an ogre mage, wielding a +0 spear of flaming and wearing a +2 robe of fire resistance (hasn't noticed you)
You shoot a bolt. The ogre mage shouts!
The bolt hits the ogre mage.
The ogre mage is lightly wounded.
You are feeling hungry.
Firing (i - inventory. (/) - cycle)
d - 118 bolts (quivered)
Press: ? - help, Shift-Dir - straight line, f/p - ogre mage
Aim: an ogre mage, wielding a +0 spear of flaming and wearing a +2 robe of fire resistance (lightly wounded)
You shoot a bolt. The bolt hits the ogre mage!
The ogre mage is moderately wounded.
The ogre mage mumbles some strange words.
The ogre mage seems to speed up.
Firing (i - inventory. (/) - cycle)
d - 117 bolts (quivered)
Press: ? - help, Shift-Dir - straight line, f/p - ogre mage
Aim: an ogre mage, wielding a +0 spear of flaming and wearing a +2 robe of fire resistance (moderately wounded, fast)
You shoot a bolt. The bolt barely misses the ogre mage.
Firing (i - inventory. (/) - cycle)
d - 116 bolts (quivered)
Press: ? - help, Shift-Dir - straight line, f/p - ogre mage
Aim: an ogre mage, wielding a +0 spear of flaming and wearing a +2 robe of fire resistance (moderately wounded, fast, haloed)
You shoot a bolt. The bolt hits the ogre mage.
The ogre mage is moderately wounded.
The ogre mage hits you but does no damage.
Firing (i - inventory. (/) - cycle)
d - 115 bolts (quivered)
Press: ? - help, Shift-Dir - straight line, f/p - ogre mage
Aim: an ogre mage, wielding a +0 spear of flaming and wearing a +2 robe of fire resistance (moderately wounded, fast, haloed)
You shoot a bolt.
The bolt hits the ogre mage but does no damage.
The ogre mage is moderately wounded.
The ogre mage points at you and mumbles some strange words.
The bolt of lightning hits you!! x2
The ogre mage casts a spell at you. The bolt of lightning hits you!!!
* * * LOW HITPOINT WARNING * * *
The bolt of lightning hits you!!
You die...

§§≈≈§≈≈≈≈≈§...##
§§§≈§§≈≈§≈.....#
§≈≈≈§§§§≈≈≈§§.##
≈§§≈§§§≈≈≈§§§.###
≈§§§≈§≈≈§§§§≈...#
§§§≈§≈≈§≈§≈≈§§..#
§≈≈§≈§≈≈≈≈≈..#
≈§§≈§≈§§§§..##
§≈§§≈≈§≈§§.@#
≈≈§≈§§§§§≈≈.#
≈≈≈≈≈§≈≈≈§.O#
≈§≈≈≈≈≈≈≈≈(#
≈§§≈≈≈§§≈§.##
§§≈≈≈≈§§§.(.#
≈§≈≈≈≈§§.(###
§≈§§...§((##
§≈≈≈.O.....#


You could see an ogre mage.

Vanquished Creatures
  A hydra (Lair:3)
  5 two-headed ogres
  Joseph (D:7)
  A spiny frog (Lair:2)
  3 komodo dragons
  Prince Ribbit (D:7)
  2 hippogriffs (Lair:3)
  A spriggan (D:8)
  4 wraiths (D:8)
  3 wyverns
  7 fire bats (Volcano)
  Grum (D:8)
  5 yaks (Lair:3)
  A hungry ghost (D:9)
  6 water moccasins
  6 porcupines
  Duvessa (D:7)
  3 sky beasts
  3 orc warriors
  7 ogres
  A black bear (D:9)
  2 necrophages (D:8)
  8 wolves
  Blork the orc (D:4)
  3 crocodiles
  8 bullfrogs
  A water moccasin zombie (D:6)
  Dowan (D:7)
  4 scorpions
  4 killer bees (D:9)
  3 howler monkeys
  2 electric eels (D:8)
  6 lava snakes (Volcano)
  6 crimson imps
  A bullfrog zombie (D:6)
  A centaur zombie (D:7)
  A human zombie (D:8)
  4 orc priests
  3 hounds
  2 jellies (D:8)
  14 orc wizards
  A bullfrog skeleton (D:9)
  4 iguanas
  A human skeleton (D:8)
  2 worker ants
  2 hound skeletons
  3 mummies (D:8)
  14 adders
  3 shadow imps
  An ooze (D:3)
  3 adder zombies
  2 adder skeletons
  6 dart slugs
  6 leopard geckos
  24 orcs
  2 ball pythons
  10 giant cockroaches
  9 hobgoblins
  4 jackals
  A quokka (D:2)
  7 bats
  5 frilled lizards
  3 goblins (D:2)
  3 kobolds
  An orc zombie (D:8)
  A quokka skeleton (D:5)
  4 rats
  A fungus (D:9)
261 creatures vanquished.

Vanquished Creatures (others)
  5 fungi (D:9)
  2 plants
7 creatures vanquished.

Grand Total: 268 creatures vanquished

Notes
Turn   | Place    | Note
-------+----------+-------------------------------------------
     0 | D:1      | Gorice the Minotaur Wanderer began the quest for the Orb.
     0 | D:1      | Gorice set off with the following items: a +0 mace, a +0
                  | shield, a +0 hand crossbow, 26 bolts, a +0 robe, a ration
     0 | D:1      | Reached XP level 1. HP: 18/18 MP: 0/0
   134 | D:1      | You fall through a shaft!
   137 | D:2      | Reached skill level 4 in Maces & Flails
   166 | D:2      | Reached skill level 2 in Armour
   166 | D:2      | Reached XP level 2. HP: 16/25 MP: 1/1
   563 | D:1      | Reached XP level 3. HP: 30/30 MP: 2/2
  1275 | D:2      | Reached skill level 5 in Maces & Flails
  1688 | D:2      | Reached XP level 4. HP: 37/37 MP: 3/3
  1963 | D:3      | Reached skill level 3 in Armour
  2139 | D:3      | Noticed an ogre
  2151 | D:3      | Killed an ogre
  2151 | D:3      | Reached skill level 6 in Maces & Flails
  2151 | D:3      | Reached XP level 5. HP: 18/42 MP: 4/4
  2544 | D:3      | Noticed a two-headed ogre
  2553 | D:3      | HP: 9/63 [two-headed ogre/+0 giant spiked club (14)]
  2559 | D:3      | Killed a two-headed ogre
  2559 | D:3      | Reached skill level 9 in Maces & Flails
  2559 | D:3      | Reached skill level 6 in Armour
  2559 | D:3      | Reached XP level 6. HP: 8/50 MP: 5/5
  2559 | D:3      | Reached XP level 7. HP: 9/56 MP: 6/6
  2560 | D:3      | --wow 2h ogre on lvl 3 - 2xp levels!
  3181 | D:4      | Noticed Blork the orc
  3253 | D:4      | Killed Blork the orc
  3384 | D:4      | Reached XP level 8. HP: 61/62 MP: 7/7
  3649 | D:4      | Found Ethijar's Jewellery Shoppe.
  3754 | D:4      | Reached skill level 10 in Maces & Flails
  4109 | D:4      | Reached skill level 7 in Armour
  4333 | D:5      | Entered Level 5 of the Dungeon
  4406 | D:5      | Found a deep blue altar of Sif Muna.
  4554 | D:5      | Reached skill level 11 in Maces & Flails
  4892 | D:5      | Found a shimmering altar of Xom.
  4977 | D:6      | Found a staircase to the Ecumenical Temple.
  5037 | Temple   | Entered the Ecumenical Temple
  5147 | Temple   | Became a worshipper of the Shining One
  5257 | D:6      | Found a hide-covered altar of Uskayaw.
  5449 | D:6      | Found Zin's Purification Station.
  5451 | D:6      | Found a glowing silver altar of Zin.
  5456 | D:6      | Found Dirunn's Book Shop.
  5844 | D:6      | Reached skill level 8 in Armour
  5964 | D:7      | Noticed Joseph
  6004 | D:7      | Killed Joseph
  6004 | D:7      | Reached XP level 9. HP: 44/68 MP: 4/8
  6405 | D:7      | Noticed Prince Ribbit
  6412 | D:7      | Reached skill level 12 in Maces & Flails
  6428 | D:7      | Killed Prince Ribbit
  6428 | D:7      | Reached skill level 9 in Armour
  6581 | D:7      | Noticed Duvessa
  6582 | D:7      | Noticed Dowan
  6596 | D:7      | Killed Duvessa
  6612 | D:7      | Reached skill level 3 in Fighting
  6620 | D:7      | Killed Dowan
  6757 | D:7      | Found a deep blue altar of Sif Muna.
  6779 | D:7      | Reached skill level 4 in Fighting
  7040 | D:8      | Reached skill level 10 in Armour
  7042 | D:8      | Reached * piety under the Shining One
  7045 | D:8      | Noticed a two-headed ogre
  7063 | D:8      | Killed a two-headed ogre
  7063 | D:8      | Reached skill level 5 in Fighting
  7109 | D:8      | Noticed Grum
  7124 | D:8      | Reached skill level 6 in Fighting
  7152 | D:8      | Killed Grum
  7152 | D:8      | Reached skill level 11 in Armour
  7213 | D:8      | Reached XP level 10. HP: 53/84 MP: 9/9
  7670 | D:8      | Reached skill level 7 in Fighting
  7851 | D:8      | Reached ** piety under the Shining One
  7886 | D:8      | Reached skill level 8 in Fighting
  7889 | D:8      | Found a basalt altar of Yredelemnul.
  8120 | D:9      | Reached skill level 12 in Armour
  8220 | D:9      | Found a staircase to the Lair.
  8427 | D:9      | Reached skill level 9 in Fighting
  8773 | D:9      | Found a glowing golden altar of the Shining One.
  9116 | D:9      | Reached *** piety under the Shining One
  9163 | Lair:1   | Entered Level 1 of the Lair of Beasts
  9432 | Lair:1   | Reached skill level 1 in Invocations
 10018 | Lair:2   | Reached skill level 2 in Invocations
 10018 | Lair:2   | Reached XP level 11. HP: 85/98 MP: 9/11
 10024 | Lair:2   | Reached skill level 10 in Fighting
 10024 | Lair:2   | Reached skill level 13 in Armour
 10638 | Lair:3   | Reached skill level 3 in Invocations
 10879 | Lair:3   | Noticed a four-headed hydra
 10889 | Lair:3   | Killed a four-headed hydra
 10994 | Lair:3   | Reached skill level 4 in Invocations
 11107 | Lair:3   | Reached skill level 1 in Evocations
 11203 | Lair:3   | Reached skill level 11 in Fighting
 11413 | Lair:4   | Found a staircase to the Swamp.
 11431 | Lair:4   | Reached skill level 2 in Evocations
 11530 | Lair:4   | Found a dark tunnel.
 11551 | Volcano  | Entered a volcano
 11700 | Volcano  | Reached skill level 14 in Armour
 11833 | Volcano  | Reached skill level 3 in Evocations
 11851 | Volcano  | Noticed a two-headed ogre
 11851 | Volcano  | Noticed a two-headed ogre
 11863 | Volcano  | Noticed a red draconian
 11885 | Volcano  | Killed a two-headed ogre
 11888 | Volcano  | Killed a two-headed ogre
 12071 | Volcano  | Noticed a two-headed ogre
 12075 | Volcano  | Noticed an ogre mage
 12098 | Volcano  | Killed a two-headed ogre
 12098 | Volcano  | Reached XP level 12. HP: 92/111 MP: 12/14
 12122 | Volcano  | HP: 7/111 [ogre mage/bolt of lightning (34)]
 12122 | Volcano  | Killed from afar by an ogre mage

Levels and vault maps discovered:
D:1:      dpeg_arrival_brainrot, layout_basic, minmay_pentomino_t2
D:2:      minmay_chambers_of_ones, layout_basic
D:3:      layout_basic
D:4:      minmay_bubble_buster, layout_basic, first_ration, serial_shops, shop,
          uniq_blork_the_orc
D:5:      layout_cave_pools, nicolae_overflow_hidden_temple, led_sif_book
D:6:      layout_loops_ring, zin_purify, lemuel_coloured_pillars_altar,
          temple_statues, serial_shops, shop
D:7:      kennysheep_orc_sif_temple, layout_loops_cross,
          hangedman_decor_opposing, uniq_prince_ribbit1, uniq_duvessa,
          uniq_joseph
D:8:      layout_rooms, lemuel_mausoleum_altar_yredelemnul, the_bakery,
          nrook_pool_corridor, uniq_grum
D:9:      layout_layer_cave, grunt_lair_entry_orc_guard_hut, minivault_25,
          tso_altar
Temple:   minmay_crystal_spiral_temple
Lair:1:   layout_small_grid
Lair:2:   layout_cave_shapes, ldierk_geyser, grunt_megastairs_5,
          infiniplex_staircase_pool_2
Lair:3:   layout_misc_corridors
Lair:4:   layout_long_grid, minmay_swamp_entry_reptiles,
          nicolae_spider_entry_non_spiders, nicolae_volcano_entry_hallway
Volcano:  volcano_grotto [vgs_dualism]

Skill      XL: |  1  2  3  4  5  6  7  8  9 10 11 |
---------------+----------------------------------+-----
Maces & Flails | 4 5 6 9 11 12 | 12.0
Armour         | 2 3 6 8 11 12 14 | 14.3
Fighting       | 6 9 11 | 11.8
Invocations    | 2 4 |  4.0
Evocations     | 3 |  3.9
Crossbows      | |  2.1
Stealth        | |  1.0
Shields        | |  1.2

Action                   |  1- 3 |  4- 6 |  7- 9 | 10-12 || total
-------------------------+-------+-------+-------+-------++-------
Melee: Mace              |     9 |       |       |       ||     9
       Whip              |    42 |    46 |   344 |   505 ||   937
       Headbutt          |     3 |     6 |    37 |   100 ||   146
 Fire: Hand crossbow     |    45 |    16 |    51 |    96 ||   208
Throw: Javelin           |       |       |       |     1 ||     1
Invok: Divine Shield     |       |       |       |     2 ||     2
Evoke: Wand              |       |       |       |     2 ||     2
  Use: Scroll            |     8 |     1 |    12 |     5 ||    26
       Potion            |       |     1 |       |       ||     1
  Eat: Chunk             |     2 |     3 |    11 |    11 ||    27
       Ration            |       |       |     1 |     2 ||     3
Armor: Ring mail         |    15 |    10 |    43 |       ||    68
       Chain mail        |       |       |    67 |   168 ||   235
Dodge: Dodged            |    21 |     6 |    27 |    75 ||   129
Block: Shield            |    18 |    14 |    88 |   117 ||   237

Table legend:
 A = Non-vault XP
 B = Vault XP
 C = Vault XP percentage of total XP
 D = Non-vault monster count
 E = Vault monster count
 F = Vault count percentage of total count
                 A         B        C        D         E       F
            +---------+---------+-------+---------+---------+-------
      Total |   12219 |    9858 |  44.7 |     189 |      71 |  27.3
            +---------+---------+-------+---------+---------+-------
        D:1 |      28 |       3 |   9.7 |      14 |       2 |  12.5
        D:2 |      76 |       9 |  10.6 |      16 |       5 |  23.8
        D:3 |    1159 |       0 |   0.0 |      22 |       0 |   0.0
        D:4 |     255 |     398 |  60.9 |      18 |       7 |  28.0
        D:5 |     360 |       0 |   0.0 |      16 |       0 |   0.0
        D:6 |     276 |       0 |   0.0 |      10 |       0 |   0.0
        D:7 |     217 |    1254 |  85.2 |       7 |      10 |  58.8
        D:8 |    1636 |    1880 |  53.5 |      18 |      16 |  47.1
        D:9 |    1612 |     573 |  26.2 |      33 |       5 |  13.2
     Lair:1 |     579 |       0 |   0.0 |       5 |       0 |   0.0
     Lair:2 |    1488 |     714 |  32.4 |       8 |       4 |  33.3
     Lair:3 |    4533 |       0 |   0.0 |      22 |       0 |   0.0
     Lair:4 |       0 |     641 | 100.0 |       0 |       6 | 100.0
    Volcano |       0 |    4386 | 100.0 |       0 |      16 | 100.0
            +---------+---------+-------+---------+---------+-------

Table legend:
 A = Turns spent in this place as a percentage of turns spent in the entire game.
 B = Non-inter-level travel turns spent in this place as a percentage of non-inter-level travel turns spent in the entire game.
 C = Inter-level travel turns spent in this place as a percentage of turns spent in this place.
 D = Turns resting spent in this place as a percentage of non-inter-level travel turns spent in this place.
 E = Turns spent auto-exploring this place as a percentage of non-inter-level travel turns spent in this place.
 F = Non-inter-level travel turns spent in this place divided by the number of levels of this place that you've seen.
                   A       B       C       D       E      F
               +-------+-------+-------+-------+-------+----------------------
         Total | 100.0 | 100.0 |   4.0 |  15.1 |  50.0 | 775.6
       Dungeon |  74.2 |  74.5 |   3.6 |  15.6 |  50.8 | 963.7
        Temple |   1.4 |   0.7 |  49.4 |   0.0 |  96.5 |  86.0
          Lair |  19.7 |  19.8 |   3.5 |   6.1 |  57.8 | 576.0
       Volcano |   4.7 |   4.9 |   0.0 |  45.5 |   0.0 | 571.0
               +-------+-------+-------+-------+-------+----------------------

Levels and vault maps discovered:
D:1:      dpeg_arrival_brainrot, layout_basic, minmay_pentomino_t2
D:2:      minmay_chambers_of_ones, layout_basic
D:3:      layout_basic
D:4:      minmay_bubble_buster, layout_basic, first_ration, serial_shops, shop,
          uniq_blork_the_orc
D:5:      layout_cave_pools, nicolae_overflow_hidden_temple, led_sif_book
D:6:      layout_loops_ring, zin_purify, lemuel_coloured_pillars_altar,
          temple_statues, serial_shops, shop
D:7:      kennysheep_orc_sif_temple, layout_loops_cross,
          hangedman_decor_opposing, uniq_prince_ribbit1, uniq_duvessa,
          uniq_joseph
D:8:      layout_rooms, lemuel_mausoleum_altar_yredelemnul, the_bakery,
          nrook_pool_corridor, uniq_grum
D:9:      layout_layer_cave, grunt_lair_entry_orc_guard_hut, minivault_25,
          tso_altar
Temple:   minmay_crystal_spiral_temple
Lair:1:   layout_small_grid
Lair:2:   layout_cave_shapes, ldierk_geyser, grunt_megastairs_5,
          infiniplex_staircase_pool_2
Lair:3:   layout_misc_corridors
Lair:4:   layout_long_grid, minmay_swamp_entry_reptiles,
          nicolae_spider_entry_non_spiders, nicolae_volcano_entry_hallway
Volcano:  volcano_grotto [vgs_dualism]
